Map: Ever Dream LE

Players

dkskEjrdlek - Winner!

  • Race: Protoss Protoss
  • League: Gold
  • Spawn Location: 7:00

JohnnyV

  • Race: Terran Terran
  • League: Bronze
  • Spawn Location: 1:00

VOD

Have the link to the VOD?

Description

Time

  • Played on: April 30, 2020, 10:05 a.m.
  • Length: 8:01
Show
View Real Time Build Order
Export as new Build Order

dkskEjrdlek Protoss - Winner!

Build Orders: 1 Gate Expand 

Get SALT Encoding   

  12  0:03  Probe (Chrono Boost)  
  13  0:14  Pylon  
  13  0:18  Probe  
  14  0:30  Probe  
  15  0:36  Gateway  
  15  0:41  Assimilator  
  15  0:55  Probe  
  16  1:10  Probe  
  17  1:23  Cybernetics Core  
  16  1:29  Probe  
  17  1:38  Assimilator  
  17  1:39  Nexus  
  17  1:47  Probe  
  18  1:58  Pylon  
  18  2:06  Stalker  
  20  2:09  Probe  
  22  2:22  Probe  
  22  2:29  Warp Gate (Chrono Boost)  
  22  2:32  Pylon  
  22  2:40  Probe  
  23  2:56  Probe, Twilight Council  
  23  2:58  Probe  
  25  3:05  Gateway  
  25  3:08  Probe  
  26  3:21  Probe x2  
  26  3:27  Pylon  
  28  3:32  Resonating Glaives (Chrono Boost)  
  28  3:44  Probe  
  28  3:45  Probe  
  30  3:51  Gateway  
  30  3:52  Robotics Facility  
  30  3:54  Gateway  
  30  4:18  Pylon  
  30  4:22  Adept  
  30  4:23  Adept  
  34  4:40  Warp Prism  
  36  4:49  Probe x2  
  38  4:57  Assimilator  
  38  5:05  Adept x2  
  38  5:06  Dark Shrine  
  42  5:18  Gateway  
  42  5:28  Immortal  
  46  5:31  Probe x2  
  46  5:34  Shield Battery x2  
  48  5:39  Sentry  
  48  5:40  Sentry  
  52  5:54  Adept x2  
  56  6:02  Adept  
  56  6:03  Adept  
  60  6:13  Adept  
  62  6:21  Observer (Chrono Boost)  
  32  6:52  Dark Templar  
  32  6:53  Dark Templar x2  
  34  7:14  Probe x2  
  36  7:20  Pylon  
  36  7:21  Pylon  
  36  7:26  Probe  
Show
View Real Time Build Order
Export as new Build Order

JohnnyV Terran 

Build Orders:  

Get SALT Encoding   

  12  0:01  SCV  
  13  0:18  SCV, Supply Depot  
  14  0:28  Refinery  
  14  0:33  SCV  
  15  0:42  Barracks  
  15  0:45  SCV  
  16  0:57  SCV  
  16  0:58  Refinery  
  17  1:09  SCV  
  18  1:21  SCV  
  19  1:34  Reaper  
  19  1:35  Supply Depot  
  20  1:40  Supply Depot  
  20  1:45  Orbital Command  
  20  1:54  Factory  
  20  2:07  Marine  
  21  2:20  Ghost Academy  
  21  2:21  SCV  
  22  2:25  Marine  
  23  2:57  Barracks Tech Lab  
  24  2:58  SCV  
  24  3:10  SCV  
  25  3:18  Ghost  
  27  3:23  Factory Tech Lab  
  27  3:34  SCV  
  28  3:35  Starport  
  28  3:40  Supply Depot, Personal Cloaking  
  28  3:46  SCV  
  29  4:01  Ghost  
  31  4:12  Siege Tank  
  34  4:30  Marine  
  35  4:32  SCV  
  35  4:59  Marine  
  36  5:01  Siege Tank  
  36  5:06  Nuke  
  39  5:16  Barracks  
  39  5:18  Barracks  
  39  5:20  Supply Depot  
  39  5:22  Supply Depot  
  39  5:34  Ghost Academy  
  39  5:41  Marine  
  40  5:43  Siege Tank  
  43  5:52  Enhanced Shockwaves  
  43  6:06  Barracks  
  43  6:20  Nuke  
  43  6:23  Barracks Tech Lab  
  43  6:25  Barracks Reactor  
  43  6:30  Marine  
  44  6:48  Marine  
  40  7:08  Command Center  
Tags
 
Add a new tag
Caveats
  • Supply blocks, unpowered buildings, or Contaminate may cause inaccurate times.
  • Supply counts are checked every 10 seconds.